 Dungeon Crawl Stone Soup version 0.30-a0-715-gdb4ae3ece1 (webtiles) character file.

Game seed: 12543020870082824757

587 wormed the Sneak (level 7, -3/62 HPs)
             Began as a Naga Fire Elementalist on Jan 23, 2023.
             Killed by divine providence
             ... invoked by an orc priest
              (17 damage)
             ... on level 5 of the Dungeon.
             The game lasted 00:09:21 (4814 turns).

wormed the Sneak (Naga Fire Elementalist)           Turns: 4814, Time: 00:09:21

Health: -3/62      AC:  3    Str: 10    XL:     7   Next: 38%
Magic:  1/11       EV: 10    Int: 17    God:
Gold:   242        SH:  0    Dex: 12    Spells: 6/12 levels left

rFire   . . .      SeeInvis +    i - +0 dagger
rCold   . . .      Faith    .    (no shield)
rNeg    . . .      Spirit   .    a - +0 robe
rPois   +          Reflect  .    (no helmet)
rElec   .          Harm     .    (no cloak)
rCorr   .          Rampage  .    (no gloves)
Will    .....                    (no barding)
Stlth   +++                      q - amulet of regeneration
HPRegen 1.10/turn                (no ring)
MPRegen 0.12/turn                (no ring)

@: very slow
A: AC +2, large, see invisible, deformed body, poison resistance, slowness 2,
spit poison 1, naga tail 1
a: Spit Poison


You were on level 5 of the Dungeon.
You visited 1 branch of the dungeon, and saw 5 of its levels.

You collected 242 gold pieces.

Inventory:

Hand Weapons
 i - a +0 dagger (weapon)
Armour
 a - a +0 robe (worn)
Jewellery
 q - an amulet of regeneration (around neck)
Scrolls
 g - 3 scrolls of amnesia
 j - a scroll of noise
 m - a scroll of magic mapping {unknown}
 n - a scroll of immolation
 t - a scroll of enchant armour {unknown}
Potions
 d - a potion of haste
 h - a potion of attraction
 p - 2 potions of brilliance {unknown}
 s - a potion of resistance {unknown}
 u - a potion of degeneration {unknown}
 v - 2 potions of heal wounds {unknown}


   Skills:
 + Level 3.0 Fighting
 + Level 3.0 Dodging
 + Level 5.5 Stealth
 + Level 3.3 Spellcasting
 + Level 3.2 Conjurations
 + Level 4.2 Fire Magic


You had 6 spell levels left.
You knew the following spells:

 Your Spells              Type           Power      Damage    Failure   Level
a - Foxfire               Conj/Fire      60%        2x1d7     3%          1
b - Scorch                Fire           34%        2d7       4%          2
c - Inner Flame           Hex/Fire       10%        N/A       22%         3

Your spell library contained the following spells:

 Spells                   Type           Power      Damage    Failure   Level
 Magic Dart               Conj           52%        1d5       4%          1
 Call Imp                 Summ           2%         N/A       26%         2
 Kindle Blastsparks       Fire/Tloc/Air  14%        2d11      28%         3
 Mephitic Cloud           Conj/Pois/Air  6%         N/A       32%         3
 Flame Wave               Conj/Fire      15%        2d7       36%         4
 Portal Projectile        Hex/Tloc       4%         N/A       45%         3
 Tukima's Dance           Hex            2%         N/A       45%         3
 Blade Hands              Tmut           1%         N/A       99%         5


Dungeon Overview and Level Annotations

Branches:
Dungeon (5/15)
 Temple: D:4-7

Altars:
Cheibriados
Trog
Wu Jian

Shops:
D:1 (

Annotations:
D:4 Duvessa


Innate Abilities, Weirdness & Mutations

Your serpentine skin is tough. (AC +2)
You have supernaturally acute eyesight. (SInv)
Armour fits poorly on your strangely shaped body.
Your system is resistant to poisons. (rPois)
You cover ground very slowly.
You can spit poison.
You have a snake-like lower body.


Message History

The ice beast hits you. The ice beast freezes you!
You hit the ice beast. Your punch misses the ice beast.
The ice beast is moderately wounded.
The foxfire hits the ice beast.
The ice beast melts!
The ice beast is heavily wounded.
The foxfire hits the ice beast but does no damage.
The ice beast is heavily wounded.
The ice beast hits you. The ice beast freezes you!
The orc priest casts a cantrip, but nothing happens.
Casting: Foxfire (safe; 3% risk of failure)
Confirm with . or Enter, or press ? or * to list all spells.
You conjure some foxfire!
The ice beast misses you.
Your foxfire dissipates!
The foxfire hits the ice beast.
The ice beast melts!
The ice beast is severely wounded.
The ice beast hits you but does no damage.
The ice beast barely misses you.
Casting: Foxfire (safe; 3% risk of failure)
Confirm with . or Enter, or press ? or * to list all spells.
You don't have enough magic to cast this spell.
The ice beast attacks as you move away! The ice beast hits you.
The ice beast freezes you. The ice beast attacks as you move away!
The ice beast closely misses you.
You hit the ice beast but do no damage.
The ice beast is severely wounded.
Casting: Foxfire (safe; 3% risk of failure)
Confirm with . or Enter, or press ? or * to list all spells.
You don't have enough magic to cast this spell.
The ice beast hits you. The ice beast freezes you!
You hit the ice beast but do no damage.
The ice beast is severely wounded.
You hit the ice beast but do no damage.
The ice beast hits you but does no damage. x2
You barely miss the ice beast. The ice beast misses you.
The ice beast hits you. The ice beast freezes you!
* * * LOW HITPOINT WARNING * * *
You hit the ice beast but do no damage. The ice beast closely misses you.
The orc priest invokes the aid of Beogh against you.
Beogh smites you!
You die...

#.######.##..# #.#
####.# ..# #.# #....#
..# ## #.# #.#### ..#..
#.# #.# ..#.### #.#
#.#####....... #.#
#......#.#
#.########.#.# .
######.......@Yo..# #..
#............Y#...#....
#.###########.#.....#
#.####### #.#.....#
#.......# #.#o..#....
#.......# #.†...#.##.
#...J...# #.......# #
#.......##..#.#.....
#.......##> .........


You could see 2 ice beasts and an orc priest.

Vanquished Creatures
  An ogre (D:4)
  A scorpion (D:5)
  Dowan (D:4)
  A jelly (D:5)
  A gnoll bouda (D:4)
  A hound (D:5)
  2 iguanas
  Natasha (thrice) (D:4)
  3 adders
  4 gnolls (D:5)
  A white imp (D:5)
  An ufetubus (D:5)
  2 dart slugs (D:4)
  5 orcs
  6 endoplasms
  2 giant cockroaches (D:2)
  13 goblins
  6 hobgoblins
  14 jackals
  3 quokkas
  9 ball pythons
  5 bats
  4 frilled lizards
  9 kobolds
  6 rats
104 creatures vanquished.

Vanquished Creatures (others)
  131 foxfires
131 creatures vanquished.

Grand Total: 235 creatures vanquished

Notes
Turn   | Place    | Note
-------+----------+-------------------------------------------
     0 | D:1      | wormed the Naga Fire Elementalist began the quest for the
                  | Orb.
     0 | D:1      | Reached XP level 1. HP: 15/15 MP: 3/3
   222 | D:1      | Reached XP level 2. HP: 24/24 MP: 3/5
   248 | D:1      | Learned a level 2 spell: Scorch
   563 | D:1      | Found Eraatasm's Weapon Boutique.
   571 | D:1      | Reached skill level 1 in Fighting
   611 | D:1      | Reached XP level 3. HP: 31/31 MP: 4/6
   788 | D:1      | Learned a level 3 spell: Inner Flame
  1208 | D:2      | Reached XP level 4. HP: 32/37 MP: 4/7
  2048 | D:3      | Reached skill level 4 in Stealth
  2386 | D:3      | Found a bloodstained altar of Trog.
  2393 | D:3      | Found a snail-covered altar of Cheibriados.
  2834 | D:4      | Reached XP level 5. HP: 27/45 MP: 1/8
  3184 | D:4      | Noticed Natasha
  3205 | D:4      | Killed Natasha
  3279 | D:4      | Noticed Natasha
  3291 | D:4      | Killed Natasha
  3291 | D:4      | Noticed Natasha
  3362 | D:4      | Killed Natasha
  3363 | D:4      | Reached XP level 6. HP: 50/52 MP: 3/10
  3705 | D:4      | Identified the +4 whip of Sunlight {drain, Str+4 Dex-5}
  3776 | D:4      | Noticed Duvessa
  3777 | D:4      | Noticed Dowan
  3967 | D:4      | Killed Dowan
  3968 | D:4      | Reached skill level 5 in Stealth
  4201 | D:5      | Entered Level 5 of the Dungeon
  4214 | D:5      | Reached XP level 7. HP: 61/61 MP: 0/11
  4306 | D:4      | HP: 3/61 [gnoll bouda/+0 club (11)]
  4548 | D:5      | Found an ornate altar of the Wu Jian Council.
  4814 | D:5      | Killed from afar by an orc priest

Illustrated notes

Levels and vault maps discovered:
D:1:      dpeg_arrival_rooms_b, layout_rooms, serial_shops,
          nicolae_shop_crystal, minmay_indecisive_spiral
D:2:      layout_rooms, grunt_decor_one_mirror
D:3:      layout_basic, minitemple
D:4:      layout_rooms, chequers_serial_rivers_large_a, uniq_natasha,
          uniq_duvessa
D:5:      layout_basic, nzn_wu_jian_council_hall, hangedman_decor_points

Skill      XL: |  1  2  3  4  5  6  7 |
---------------+----------------------+-----
Fighting       | 1 2 3 |  3.0
Dodging        | 2 3 |  3.0
Stealth        | 4 5 |  5.5
Conjurations   | 2 3 |  3.2
Spellcasting   | 3 |  3.3
Fire Magic     | 4 |  4.2

Action                     |  1- 3 |  4- 6 |  7- 9 || total
---------------------------+-------+-------+-------++-------
  Melee: Unarmed           |    22 |       |     1 ||    23
         Dagger            |    12 |    53 |    39 ||   104
         Punch             |       |       |     3 ||     3
   Cast: Foxfire           |    43 |    21 |     8 ||    72
         Scorch            |     6 |    55 |    20 ||    81
         Inner Flame       |       |       |     1 ||     1
    Use: Scroll            |       |    11 |     1 ||    12
         Potion            |       |     2 |     6 ||     8
   Stab: Sleeping          |       |     2 |       ||     2
 Armour: Robe              |    14 |    21 |     9 ||    44
         Skin              |       |       |     1 ||     1
  Dodge: Dodged            |    32 |    56 |    23 ||   111

Table legend: (Time is in decaauts)
 A = Elapsed time spent in this place.
 B = Non-inter-level travel time spent in this place.
 C = Inter-level travel time spent in this place.
 D = Time resting spent in this place.
 E = Time spent auto-exploring this place.
 F = Levels seen in this place.
 G = Mean time per level.
                   A        B        C        D        E       F      G
               +--------+--------+--------+--------+--------+-----+--------+
         Total |   5740 |   5465 |    275 |    129 |   4385 |   5 | 1148.0 |
       Dungeon |   5740 |   5465 |    275 |    129 |   4385 |   5 | 1148.0 |
               +--------+--------+--------+--------+--------+-----+--------+

Top non-repeatable levels by time:
     D:3: 1859 daAuts
     D:4: 1520 daAuts
     D:1: 1190 daAuts
     D:2: 687 daAuts
     D:5: 482 daAuts
